 Dungeon Crawl Stone Soup version 0.30-a0-778-g2ef04afb54 (webtiles) character file.

Game seed: 17034431501747604049

76343 BubbleThief the Lord of Darkness (level 15, -7/127 HPs)
             Began as a Demonspawn Necromancer on Feb 15, 2023.
             Was the Champion of Kikubaaqudgha.
             Mangled by an ogre
             ... wielding a +0 giant club
              (10 damage)
             ... while petrified by Jorgrun
             ... on level 2 of the Orcish Mines on Feb 16, 2023.
             The game lasted 00:50:25 (22099 turns).

BubbleThief the Lord of Darkness (DsNe)            Turns: 22099, Time: 00:50:26

Health: -7/127     AC: 14    Str: 13    XL:     15   Next: 12%
Magic:  23/28      EV:  2    Int: 24    God:    Kikubaaqudgha [******]
Gold:   1022       SH:  0    Dex: 17    Spells: 12/32 levels left

rFire   + + +      SeeInvis .    d - +8 quick blade of Disintegration {heavy, rElec Will- Str+4 Stlth+}
rCold   + . .      Faith    .    (no shield)
rNeg    + + +      Spirit   .    J - +2 robe {rC+ rF+}
rPois   ∞          Reflect  +    (helmet restricted)
rElec   +          Harm     .    j - +2 cloak
rCorr   .          Rampage  .    M - +1 pair of gloves
Will    .....                    N - +0 pair of boots {Fly}
Stlth   ++++++                   G - amulet "Zijul" {Reflect rF+ SH+5}
HPRegen 0.41/turn                H - ring of Fosaninn {rF+ rN+}
MPRegen 0.21/turn                P - +4 ring of slaying

@: brilliant, petrified, flying
A: horns 2, icemail 1, big brain 2, condensation shield, demonic magic 2
a: Renounce Religion, Unearth Wretches, Torment


You were on level 2 of the Orcish Mines.
You worshipped Kikubaaqudgha.
Kikubaaqudgha was exalted by your worship.
You visited 5 branches of the dungeon, and saw 22 of its levels.
You visited 1 bazaar.
You also visited: Ice Cave.

You collected 1322 gold pieces.
You spent 300 gold pieces at shops.

Inventory:

Hand Weapons
 d - the +8 quick blade of Disintegration (weapon) {heavy, rElec Will- Str+4 Stlth+}
   (You acquired it on level 9 of the Dungeon)

   Str:       It affects your strength (+4).
   rElec:     It insulates you from electricity.
   Will:      It decreases your willpower.
   Stlth:     It makes you more stealthy.
 n - a +5 dagger
Missiles
 I - a throwing net
Armour
 a - +0 steam dragon scales
 c - a +4 ring mail
 j - a +2 cloak (worn)
 J - a +2 robe of resistance (worn)
 M - a +1 pair of gloves (worn)
 N - a +0 pair of boots of flying (worn)
Jewellery
 h - an amulet of regeneration
 m - an amulet of magic regeneration
 D - an amulet of guardian spirit
 E - the ring of Ipeappor {rN+ MP+9 Str+9}
   (You took it off a gnoll sergeant on level 8 of the Dungeon)

   [ring of magical power]

   Str:       It affects your strength (+9).
   rN:        It protects you from negative energy.
   MP:        It affects your magic capacity (+9).
 F - the ring of the Six Teaching Souls {Wiz Contam Str+5 Dex+3}
   (You took it off a centaur warrior on level 8 of the Dungeon)

   [ring of wizardry]

   It improves your spell success rate.
   Str:       It affects your strength (+5).
   Dex:       It affects your dexterity (+3).
   Contam:    It causes magical contamination when unequipped.
 G - the amulet "Zijul" (around neck) {Reflect rF+ SH+5}
   (You found it on level 8 of the Dungeon)

   [amulet of reflection]

   It reflects blocked missile attacks.
   rF:        It protects you from fire.
   SH:        It affects your SH (+5).
 H - the ring of Fosaninn (left hand) {rF+ rN+}
   (You found it on level 8 of the Dungeon)

   [ring of protection from fire]

   rF:        It protects you from fire.
   rN:        It protects you from negative energy.
 P - a +4 ring of slaying (right hand)
 T - an amulet of faith
Wands
 e - a wand of digging (7)
 u - a wand of mindburst (16)
 y - a wand of flame (18)
 B - a wand of acid (17)
 C - a wand of iceblast (9)
Scrolls
 g - 12 scrolls of teleportation
 l - 3 scrolls of identify
 o - 5 scrolls of enchant armour
 q - 2 scrolls of amnesia
 t - 3 scrolls of enchant weapon
 L - 3 scrolls of fog
 O - 2 scrolls of fear
 R - a scroll of magic mapping
Potions
 b - 3 potions of magic
 f - 11 potions of curing
 i - 2 potions of heal wounds
 k - 3 potions of flight
 p - 3 potions of attraction
 r - 2 potions of cancellation
 s - a potion of haste
 v - 2 potions of invisibility
 w - a potion of berserk rage
 x - 5 potions of mutation
 z - 5 potions of brilliance
 A - 3 potions of lignification
 K - a potion of resistance
 Q - 3 potions of ambrosia
 S - a potion of might {unknown}


   Skills:
 + Level 14.5 Fighting
 - Level 8.0 Short Blades
 + Level 5.1 Dodging
 - Level 12.0 Stealth
 - Level 9.0 Spellcasting
 + Level 16.5 Necromancy


You had 12 spell levels left.
You knew the following spells:

 Your Spells              Type           Power      Damage    Failure   Level
a - Necrotise             Necr           100%       1d9       0%          1
b - Vampiric Draining     Necr           94%        2d12      1%          3
c - Dispel Undead         Necr           94%        3d30      1%          4
d - Magic Dart            Conj           64%        1d6       6%          1
e - Borgnjor's Vile Clut  Necr/Erth      33%        N/A       5%          5
f - Death Channel         Necr           47%        N/A       1%          6

Your spell library contained the following spells:

 Spells                   Type           Power      Damage    Failure   Level
 Sublimation of Blood     Necr           94%        N/A       0%          2
 Kiss of Death            Conj/Necr      100%       2d13      1%          1
 Cigotuvi's Dreadful Rot  Necr/Pois/Air  100%       N/A       1%          2
 Anguish                  Hex/Necr       33%        N/A       1%          4
 Animate Dead             Necr           94%        N/A       1%          4
 Agony                    Necr           94%        N/A       1%          5
 Call Imp                 Summ           16%        N/A       9%          2
 Ensorcelled Hibernation  Hex/Ice        32%        N/A       9%          2
 Searing Ray              Conj           32%        2d5       9%          2
 Call Canine Familiar     Summ           16%        N/A       17%         3
 Frozen Ramparts          Ice            32%        1d5       17%         3
 Mephitic Cloud           Conj/Pois/Air  16%        N/A       17%         3
 Portal Projectile        Hex/Tloc       32%        N/A       17%         3
 Spider Form              Tmut/Pois      16%        N/A       17%         3
 Borgnjor's Revivificati  Necr           47%        N/A       41%         8
 Infestation              Necr           47%        N/A       41%         8
 Fulminant Prism          Conj/Hex       8%         3d6       50%         4
 Ice Form                 Ice/Tmut       16%        N/A       50%         4
 Leda's Liquefaction      Hex/Erth       8%         N/A       50%         4
 Summon Ice Beast         Ice/Summ       16%        N/A       50%         4
 Yara's Violent Unravell  Hex/Tmut       8%         3d5       85%         5
 Haunt                    Necr/Summ      33%        N/A       86%         7
 Enfeeble                 Hex            8%         N/A       100%        7
 Necromutation            Tmut/Necr      33%        N/A       100%        8
 Death's Door             Necr           47%        N/A       100%        9


Dungeon Overview and Level Annotations

Branches:
Dungeon (13/15)            Temple (1/1) D:4            Lair (5/5) D:11
 Shoals (0/4) Lair:3        Snake (1/4) Lair:3        Slime (0/5) Lair:4
    Orc (2/2) D:9           IceCv (visited)
    Elf: Orc:2       Vaults: D:13-14

Altars:
Ashenzari
Cheibriados
Dithmenos
Fedhas
Gozag
Hepliaklqana
Kikubaaqudgha
Makhleb
Nemelex Xobeh
Okawaru
Qazlal
Ru
Sif Muna
Trog
Uskayaw
Vehumet
Wu Jian
Xom
Yredelemnul
Jiyva

Shops:
D:2 [   Orc:2 =

Annotations:
D:8 3 runed translucent doors
Orc:2 Snorg


Innate Abilities, Weirdness & Mutations

You have a pair of horns on your head.
A meltable icy envelope protects you from harm. (AC +4)
You have an extremely huge brain. (Int +4)
A meltable shield of frost defends you. (SH +4)
Spells you cast may paralyse nearby enemies.


Message History

You feel life coursing into your body. Malevolent energies surge around you.
The zombie hands constrict the troll!!
You kill the troll!
Kikubaaqudgha accepts your kill.
Your limbs are stiffening.
Unknown command.
Unknown command.
You hit something.
You have turned to stone.
You hear some strange, mumbled words.
Something tries to affect you, but you resist.
Something hits you but does no damage. x2
The ogre hits you with a +0 giant club. Something hits you but does no damage.
Snorg goes berserk!
The ogre hits you with a +0 giant club!!
Snorg bites you. Snorg claws you! Snorg claws you!!
* * * LOW HITPOINT WARNING * * *
Something hits you but does no damage. Snorg bites you but does no damage.
Snorg claws you!
* * * LOW HITPOINT WARNING * * *
Snorg claws you!
* * * LOW HITPOINT WARNING * * *
Snorg bites you!!
* * * LOW HITPOINT WARNING * * *
Snorg claws you.
* * * LOW HITPOINT WARNING * * *
Snorg claws you!
* * * LOW HITPOINT WARNING * * *
The ogre hits you with a +0 giant club!
* * * LOW HITPOINT WARNING * * *
Something hits you but does no damage. Snorg bites you.
* * * LOW HITPOINT WARNING * * *
Snorg claws you!
* * * LOW HITPOINT WARNING * * *
Snorg claws you.
* * * LOW HITPOINT WARNING * * *
Something hits you but does no damage.
The ogre hits you with a +0 giant club!!
You die...
Kikubaaqudgha rasps: "You have failed me!
Welcome... oblivion!"

............#
..........#
#.......#### .
#.).......#..
#)<)#........
###.P..P.....
#..).P.......
##...O{.......
#.....@)......
#......T......
#.....∩.......
..PP...........
........P8..P...
................
.....P...P......
............#..


You could see Snorg (berserk) and an ogre.

Vanquished Creatures
  Jorgrun (Orc:2)
  Kirke (Lair:4)
  A reaper (IceCv)
  Nessos (Lair:5)
  Azrael (D:12)
  The ghost of jlumianski the Cleaver, a journeyman DsFi of Qazlal (Lair:1)
  Josephine (D:12)
  An ettin (Orc:2)
  The ghost of lotum the Earth Mage, a journeyman GrEE of Vehumet (Lair:3)
  An ice dragon (D:12)
  5 hydras
  Harold (D:10)
  A centaur warrior (D:13)
  4 two-headed ogres
  A catoblepas (Lair:1)
  2 death yaks (Lair:4)
  A tengu warrior (D:12)
  3 boulder beetles
  A shock serpent (shapeshifter) (D:8)
  Sonja (Lair:5)
  2 skysharks
  A deep elf pyromancer (D:12)
  A mana viper (Snake:1)
  3 ugly things
  A manticore (D:12)
  An oklob plant (Lair:5)
  5 cyclopes
  8 elephants (Lair:4)
  A wolf spider (Lair:5)
  14 black mambas
  A torpor snail (Lair:4)
  3 ice statues
  Maurice (D:10)
  11 cane toads
  A guardian serpent (Lair:5)
  4 gargoyles (D:12)
  An unseen horror (D:10)
  5 komodo dragons
  3 kobold demonologists
  7 ice devils (IceCv)
  5 rime drakes
  4 anaconda simulacra (IceCv)
  Psyche (D:8)
  4 trolls
  3 polar bears
  3 hornets
  A dream sheep (Lair:4)
  11 slime creatures
  13 wyverns
  2 vampires
  64 yaks
  A shadow (D:7)
  A dire elephant simulacrum (IceCv)
  3 hogs (Lair:5)
  4 basilisks
  5 fire elementals
  5 wraiths
  3 redbacks (Lair:5)
  3 steam dragons
  4 vampire mosquitoes (D:11)
  Edmund (D:6)
  A warg (D:9)
  3 harpy simulacra (IceCv)
  3 nagas (Lair:3)
  Duvessa (D:5)
  2 hydra simulacra (IceCv)
  3 acid dragons
  18 water moccasins
  3 hell hounds (D:12)
  2 orc warriors
  3 black bears (D:7)
  3 ogres
  An ice beast (D:7)
  5 wolves
  2 phantoms (D:4)
  5 centaurs
  Blork the orc (D:6)
  4 kobold brigands
  18 bullfrogs
  A gnoll sergeant (D:8)
  3 scorpions
  2 two-headed ogre simulacra (IceCv)
  4 wights (D:9)
  Dowan (D:5)
  3 electric eels
  6 howler monkeys
  2 hounds
  4 jellies
  7 orc priests
  Crazy Yiuf (D:6)
  3 gnoll boudas
  Ijyb (D:5)
  3 iguanas
  15 orc wizards
  A spriggan simulacrum (IceCv)
  A troll simulacrum (IceCv)
  7 gnolls
  8 adders
  A naga simulacrum (IceCv)
  A shadow imp (D:5)
  A white imp (D:8)
  An ufetubus (D:5)
  2 worms
  4 dart slugs
  46 orcs
  4 ball pythons
  8 endoplasms
  A giant cockroach (D:1)
  A goblin (D:1)
  2 hobgoblins
  11 kobolds
  5 bats
  6 frilled lizards
  5 rats
495 creatures vanquished.

Vanquished Creatures (collateral kills)
  A centaur warrior (D:8)
  3 death yaks (Lair:4)
  2 yaks (D:8)
  An iguana (D:4)
  2 gnolls
  4 orcs
  A goblin (D:2)
  A ball python (D:2)
  A kobold (D:2)
16 creatures vanquished.

Vanquished Creatures (others)
  A yak (D:9)
  An orc (D:7)
  35 fungi
  128 plants
165 creatures vanquished.

Grand Total: 676 creatures vanquished

Notes
Turn   | Place    | Note
-------+----------+-------------------------------------------
     0 | D:1      | BubbleThief the Demonspawn Necromancer began the quest for
                  | the Orb.
     0 | D:1      | Reached XP level 1. HP: 13/13 MP: 3/3
   365 | D:1      | Gained mutation: You have an unusually large brain. (Int
                  | +2) [demonic ancestry]
   365 | D:1      | Reached XP level 2. HP: 19/19 MP: 0/5
   588 | D:1      | Reached skill level 5 in Necromancy
  1279 | D:2      | Gained mutation: Spells you cast may paralyse adjacent
                  | enemies. [demonic ancestry]
  1279 | D:2      | Reached XP level 3. HP: 24/24 MP: 2/6
  1357 | D:2      | Learned a level 3 spell: Vampiric Draining
  1745 | D:2      | Found Benuck's Armour Shoppe.
  1798 | D:2      | Found a burning altar of Makhleb.
  1886 | D:3      | You fall into a shaft and drop 1 floor!
  2060 | D:4      | Reached XP level 4. HP: 30/30 MP: 5/8
  2065 | D:4      | Learned a level 4 spell: Dispel Undead
  2105 | D:4      | Reached skill level 6 in Necromancy
  2120 | D:4      | Gained mutation: Spells you cast may paralyse nearby
                  | enemies. [demonic ancestry]
  2120 | D:4      | Reached XP level 5. HP: 35/35 MP: 1/9
  2122 | D:4      | Noticed a phantom
  2219 | D:3      | Identified the +3 hand axe of the Revolution {freeze, rC+
                  | rCorr Str+3}
  2635 | D:3      | Found a broken altar of Ashenzari.
  2758 | D:3      | Identified the +1 war axe "Cumi Pitek" {freeze, Fly}
  3331 | D:4      | Found a staircase to the Ecumenical Temple.
  3341 | D:4      | Reached skill level 7 in Necromancy
  3349 | D:4      | Gained mutation: You have an extremely huge brain. (Int +4)
                  | [demonic ancestry]
  3349 | D:4      | Reached XP level 6. HP: 42/42 MP: 11/11
  3414 | Temple   | Entered the Ecumenical Temple
  3701 | D:4      | Reached skill level 1 in Fighting
  3701 | D:4      | Reached skill level 1 in Short Blades
  3865 | D:5      | Entered Level 5 of the Dungeon
  3879 | D:5      | Gained mutation: A meltable shield of frost defends you.
                  | (SH +4) [demonic ancestry]
  3879 | D:5      | Reached XP level 7. HP: 48/49 MP: 12/12
  4017 | D:5      | Noticed Ijyb
  4021 | D:5      | Killed Ijyb
  4052 | D:5      | Reached skill level 8 in Necromancy
  4357 | D:5      | Noticed Dowan
  4359 | D:5      | Noticed Duvessa
  4373 | D:5      | Killed Duvessa
  4376 | D:5      | Killed Dowan
  4887 | D:6      | Gained mutation: You have a pair of small horns on your
                  | head. [demonic ancestry]
  4887 | D:6      | Reached XP level 8. HP: 58/58 MP: 13/13
  4937 | D:6      | Noticed a hornet
  4942 | D:6      | Killed a hornet
  5040 | D:6      | Noticed Blork the orc
  5044 | D:6      | Reached skill level 9 in Necromancy
  5049 | D:6      | Killed Blork the orc
  5161 | D:6      | Found an ancient bone altar of Kikubaaqudgha.
  5180 | D:6      | Became a worshipper of Kikubaaqudgha
  5213 | D:6      | Noticed Edmund
  5224 | D:6      | Killed Edmund
  5491 | D:6      | Found a runed translucent door.
  5492 | D:6      | Noticed Crazy Yiuf
  5499 | D:6      | Killed Crazy Yiuf
  5699 | D:7      | Reached skill level 5 in Stealth
  5707 | D:7      | Reached XP level 9. HP: 66/66 MP: 14/14
  5965 | D:7      | Reached skill level 5 in Fighting
  6085 | D:7      | Learned a level 1 spell: Magic Dart
  6558 | D:8      | Noticed Psyche
  6562 | D:8      | Killed Psyche
  6637 | D:8      | Reached * piety under Kikubaaqudgha
  6637 | D:8      | Received a gift from Kikubaaqudgha
  6773 | D:8      | Found a stormy altar of Qazlal.
  6779 | D:8      | Reached skill level 5 in Short Blades
  6779 | D:8      | Reached skill level 10 in Necromancy
  6841 | D:8      | Found a sacrificial altar of Ru.
  7440 | D:8      | Found a runed translucent door.
  7440 | D:8      | Noticed a cyclops
  7442 | D:8      | Noticed a deep elf pyromancer
  7442 | D:8      | Noticed a four-headed hydra
  7443 | D:8      | Found a runed translucent door.
  7443 | D:8      | Found a runed translucent door.
  7443 | D:8      | Noticed a cyclops
  7604 | D:8      | Identified the ring of the Six Teaching Souls {Wiz Contam
                  | Str+5 Dex+3}
  7604 | D:8      | Noticed a centaur warrior
  7605 | D:8      | Reached XP level 10. HP: 76/76 MP: 12/16
  7616 | D:8      | Killed a centaur warrior
  7616 | D:8      | Noticed a purple ugly thing
  7619 | D:8      | Killed a purple ugly thing
  7747 | D:8      | Identified the ring of Ipeappor {rN+ MP+9 Str+9}
  7849 | D:8      | Noticed a shock serpent
  7856 | D:8      | Killed a shock serpent
  7857 | D:8      | Reached skill level 5 in Spellcasting
  7979 | D:8      | Identified the amulet "Zijul" {Reflect rF+ SH+5}
  7992 | D:8      | Identified the ring of Fosaninn {rF+ rN+}
  8119 | D:8      | Noticed a shining eye
  8345 | D:9      | Found an iron altar of Okawaru.
  8348 | D:9      | Found a shimmering blue altar of Sif Muna.
  8354 | D:9      | Found a radiant altar of Vehumet.
  8358 | D:9      | Found a snail-covered altar of Cheibriados.
  8366 | D:9      | Found a bloodstained altar of Trog.
  8368 | D:9      | Found a basalt altar of Yredelemnul.
  8430 | D:9      | Identified a scroll of acquirement
  8430 | D:9      | Acquired the +8 quick blade of Disintegration {heavy, rElec
                  | Will- Str+4 Stlth+}
  8538 | D:9      | Reached ** piety under Kikubaaqudgha
  8617 | D:9      | Gained mutation: You have a pair of horns on your head.
                  | [demonic ancestry]
  8617 | D:9      | Reached XP level 11. HP: 85/86 MP: 19/19
  8733 | D:9      | Found a staircase to the Orcish Mines.
  8973 | D:10     | Entered Level 10 of the Dungeon
  9288 | D:10     | Noticed Maurice
  9290 | D:10     | Killed Maurice
  9331 | D:10     | Found an ornate altar of the Wu Jian Council.
  9403 | D:10     | Noticed a two-headed ogre
  9407 | D:10     | Killed a two-headed ogre
  9437 | D:10     | Noticed Harold
  9443 | D:10     | Killed Harold
  9444 | D:10     | Noticed a two-headed ogre
  9450 | D:10     | Killed a two-headed ogre
  9569 | D:10     | Reached *** piety under Kikubaaqudgha
  9569 | D:10     | Received a gift from Kikubaaqudgha
  9579 | D:10     | Learned a level 5 spell: Borgnjor's Vile Clutch
 10183 | D:10     | Identified the +11 long sword of the Grey Skies {antimagic,
                  | rF++ rC- Will+ Stlth+}
 10389 | D:11     | Reached skill level 11 in Necromancy
 10475 | D:11     | Found a staircase to the Lair.
 10988 | D:11     | Noticed a two-headed ogre
 11010 | D:11     | Killed a two-headed ogre
 11011 | D:11     | Reached XP level 12. HP: 90/95 MP: 22/22
 11077 | D:11     | Found a gateway to a bazaar.
 11094 | Bazaar   | Entered a bazaar
 11133 | Bazaar   | Found Zasiq's Book Shoppe.
 11138 | Bazaar   | Found Quatat's Antique Weapon Shop.
 11148 | Bazaar   | Found Sonk's Antique Weapon Shoppe.
 11150 | Bazaar   | Found Iqadin's Antique Armour Emporium.
 11158 | Bazaar   | Found Hitajuegg's General Store.
 11186 | Bazaar   | Bought a pair of embroidered gloves for 150 gold pieces
 11186 | Bazaar   | Bought a pair of runed boots for 150 gold pieces
 11462 | Lair:1   | Entered Level 1 of the Lair of Beasts
 11688 | Lair:1   | Found a runed translucent door.
 11689 | Lair:1   | Noticed jlumianski's ghost (journeyman DsFi)
 11695 | Lair:1   | Killed jlumianski's ghost
 11695 | Lair:1   | Reached **** piety under Kikubaaqudgha
 11838 | Lair:1   | Learned a level 6 spell: Death Channel
 12005 | Lair:1   | Noticed a catoblepas
 12013 | Lair:1   | Killed a catoblepas
 12520 | Lair:2   | Reached skill level 12 in Necromancy
 12546 | Lair:2   | Reached skill level 10 in Fighting
 12847 | Lair:2   | Identified the ring "Ikluaveq" {Fire rPois rN+ Dex-3
                  | Stlth+}
 13054 | Lair:3   | Found a frozen archway.
 13104 | IceCv    | Entered an ice cave
 13836 | IceCv    | Reached skill level 10 in Stealth
 14037 | IceCv    | Noticed a reaper
 14042 | IceCv    | Killed a reaper
 14137 | IceCv    | Reached XP level 13. HP: 103/103 MP: 25/25
 14228 | Lair:3   | Identified the +1 trident "Himueniddut" {heavy, *Noise
                  | rPois rF+++ Int+4}
 14291 | Lair:3   | Found a runed translucent gate.
 14291 | Lair:3   | Found a runed translucent gate.
 14291 | Lair:3   | Found a runed translucent gate.
 14293 | Lair:3   | Noticed lotum's ghost (journeyman GrEE)
 14313 | Lair:3   | Killed lotum's ghost
 14678 | Lair:3   | Found a staircase to the Snake Pit.
 15162 | Lair:3   | Found a staircase to the Shoals.
 15391 | Snake:1  | Entered Level 1 of the Snake Pit
 15555 | Lair:4   | Found a staircase to the Slime Pits.
 15555 | Lair:4   | Found a viscous altar of Jiyva.
 15921 | Lair:4   | Reached ***** piety under Kikubaaqudgha
 16233 | Lair:4   | Reached skill level 13 in Necromancy
 16987 | Lair:5   | Entered Level 5 of the Lair of Beasts
 17143 | Lair:5   | Reached XP level 14. HP: 37/115 MP: 12/27
 17145 | Lair:5   | Reached skill level 14 in Necromancy
 17152 | Lair:5   | Noticed Nessos
 17475 | Lair:5   | Noticed Sonja
 17475 | Lair:5   | Noticed Kirke
 17482 | Lair:5   | Killed Nessos
 18118 | Lair:5   | Killed Sonja
 18717 | Lair:5   | Reached skill level 15 in Necromancy
 18871 | Lair:5   | Found a radiant altar of Vehumet.
 19696 | Lair:4   | Killed Kirke
 20043 | D:12     | Found a snail-covered altar of Cheibriados.
 20366 | D:12     | Noticed Josephine
 20397 | D:12     | Killed Josephine
 20554 | D:12     | Reached ****** piety under Kikubaaqudgha
 20559 | D:12     | Received a gift from Kikubaaqudgha
 20648 | D:12     | Noticed Azrael
 20665 | D:12     | Reached skill level 16 in Necromancy
 20695 | D:12     | Killed Azrael
 20861 | D:12     | Found a snail-covered altar of Cheibriados.
 21335 | D:13     | Gained mutation: A meltable icy envelope protects you from
                  | harm. (AC +4) [demonic ancestry]
 21335 | D:13     | Reached XP level 15. HP: 123/126 MP: 25/28
 21837 | Orc:1    | Entered Level 1 of the Orcish Mines
 21908 | Orc:2    | Entered Level 2 of the Orcish Mines
 21908 | Orc:2    | Found Noiqo's Jewellery Boutique.
 21918 | Orc:2    | Noticed Jorgrun
 21934 | Orc:1    | Reached skill level 5 in Dodging
 22088 | Orc:2    | Noticed Snorg
 22091 | Orc:2    | Killed Jorgrun
 22099 | Orc:2    | HP: 5/127 [Snorg (7)]
 22099 | Orc:2    | Mangled by an ogre

Illustrated notes

Levels and vault maps discovered:
D:1:      zelgadis_glass_arrival_small, layout_loops_ring,
          minmay_misc_feat_cross, corexii_corridor_pit
D:2:      layout_rooms, basic_altar, serial_shops, nicolae_shop_waterfront
D:3:      layout_basic, nicolae_ashenzari_panopticon, minmay_starry_boxes
D:4:      layout_cave_pools, temple_fountains, minivault_19
D:5:      layout_basic, bh_walls_and_bars, uniq_duvessa, uniq_ijyb
D:6:      layout_basic, kiku_gazebo_pond_becter, uniq_blork_the_orc,
          uniq_edmund, uniq_crazy_yiuf_cottage
D:7:      layout_basic, chequers_serial_rivers_micro_b
D:8:      minmay_the_grid_triangle_9x9_recursive_2
          [minmay_the_grid_triangle_9x9_prize_special,
          minmay_the_grid_triangle_9x9_limited_checkers,
          minmay_the_grid_triangle_9x9_corruption,
          minmay_the_grid_triangle_9x9_fully_insulated_deathbox],
          layout_loops_corners, mainiacjoe_overflow_six_doors_small,
          lemuel_tele_altar, uniq_psyche
D:9:      layout_basic, nicolae_overflow_hallway_of_the_gods, david_orc_3,
          mrwooster_statue_mirror, dreamdust_gnoll_shepherd
D:10:     layout_irregular_city, nicolae_wu_jian_glorious_leap, billiards_dpeg,
          uniq_harold, uniq_maurice
D:11:     layout_roguey, lair_entry_dummy, serial_shops, statue_bzr
D:12:     layout_rooms, hangedman_feature_mirror, uniq_azrael, uniq_josephine
D:13:     layout_irregular_city
Temple:   chequers_temple_sunken
Lair:1:   layout_regular_city, ebering_ghost_inner_flame, serial_bayou_lagoon_a,
          chequers_serial_rivers_micro_d
Lair:2:   layout_gridlike
Lair:3:   layout_regular_city, shoals_dummy_entry, nicolae_snake_entry_squirm,
          gammafunk_ghost_split, portal_ice_cave_rime, serial_bayou_shore_b,
          serial_bayou_shore_a
Lair:4:   nzn_winding_woodlands_cross [nzn_winding_woodlands_5x15_concentric,
          nzn_winding_woodlands_5x15_split_checker,
          nzn_winding_woodlands_5x15_garden, nzn_winding_woodlands_5x15_parted,
          nzn_winding_woodlands_15x15_five_gardens], layout_gridlike,
          slime_entry_1, chequers_serial_rivers_micro_b, lemuel_fruit_fields
Lair:5:   hangedman_lair_tendril_chambers, layout_concentric_octagons,
          chequers_serial_rivers_large_b, lemuel_oklob_altar, uniq_sonja,
          uniq_kirke, uniq_nessos
Snake:1:  layout_chambers, uniq_aizul, uniq_donald
Orc:1:    layout_diamond_mine
Orc:2:    grunt_orc_gardens, layout_diamond_mine, grunt_orc_garden,
          grunt_orc_garden, grunt_orc_garden, grunt_orc_garden,
          nicolae_shop_overcharged_wands, uniq_snorg, uniq_jorgrun,
          uniq_saint_roka, uniq_urug

Skill      XL: |  1  2  3  4  5  6  7  8  9 10 11 12 13 14 15 |
---------------+----------------------------------------------+-----
Necromancy     | 5 6 7 8 9 10 11 12 13 16 | 16.5
Spellcasting   | 3 4 5 7 8 9 |  9.0
Stealth        | 2 3 5 6 8 9 11 12 | 12.0
Fighting       | 1 3 4 6 7 9 10 12 14 | 14.5
Short Blades   | 1 2 4 5 7 8 |  8.0
Dodging        | 2 4 5 |  5.1

Action                     |  1- 3 |  4- 6 |  7- 9 | 10-12 | 13-15 || total
---------------------------+-------+-------+-------+-------+-------++-------
  Melee: Dagger            |    10 |    21 |   116 |    40 |       ||   187
         Headbutt          |       |       |    19 |   101 |   142 ||   262
         Quick blade       |       |       |       |   379 |   508 ||   887
         Punch             |       |       |       |     5 |     5 ||    10
   Cast: Necrotise         |    63 |    50 |    93 |    31 |    18 ||   255
         Dispel Undead     |       |     2 |     1 |    12 |     2 ||    17
         Vampiric Draining |       |     1 |    38 |    47 |    23 ||   109
         Magic Dart        |       |       |     2 |    20 |       ||    22
         Borgnjor's Vile C |       |       |       |    18 |    92 ||   110
         Death Channel     |       |       |       |       |     1 ||     1
 Invoke: Receive Forbidden |       |       |       |       |     1 ||     1
  Evoke: Wand              |       |       |       |     4 |     1 ||     5
    Use: Scroll            |       |       |    14 |     8 |     9 ||    31
         Potion            |       |       |       |     2 |     4 ||     6
   Stab: Paralysed         |     4 |    13 |    33 |    50 |    61 ||   161
         Sleeping          |       |       |     5 |    22 |    24 ||    51
         Distracted        |       |       |     1 |     2 |     2 ||     5
 Armour: Robe              |     3 |       |     1 |     1 |   103 ||   108
         Ring mail         |       |       |    46 |    96 |       ||   142
  Dodge: Dodged            |    11 |    10 |    41 |   102 |   182 ||   346
  Block: Orb               |       |       |    17 |    23 |       ||    40
         Other             |       |       |       |    57 |   153 ||   210
         Reflection        |       |       |       |       |     5 ||     5

Table legend: (Time is in decaauts)
 A = Elapsed time spent in this place.
 B = Non-inter-level travel time spent in this place.
 C = Inter-level travel time spent in this place.
 D = Time resting spent in this place.
 E = Time spent auto-exploring this place.
 F = Levels seen in this place.
 G = Mean time per level.
                   A        B        C        D        E       F      G
               +--------+--------+--------+--------+--------+-----+--------+
         Total |  21662 |  20656 |   1006 |   2151 |  15020 |  24 |  902.6 |
       Dungeon |  12797 |  12331 |    466 |    295 |  10035 |  13 |  984.4 |
        Temple |    266 |    254 |     12 |      0 |    222 |   1 |  266.0 |
          Lair |   7031 |   6507 |    524 |   1064 |   4412 |   5 | 1406.2 |
     Snake Pit |     33 |     33 |      0 |     21 |      0 |   1 |   33.0 |
  Orcish Mines |    250 |    247 |      3 |    135 |     55 |   2 |  125.0 |
        Bazaar |    219 |    219 |      0 |     85 |     75 |   1 |  219.0 |
      Ice Cave |   1063 |   1063 |      0 |    551 |    220 |   1 | 1063.0 |
               +--------+--------+--------+--------+--------+-----+--------+

Top non-repeatable levels by time:
  Lair:4: 2825 daAuts
     D:8: 1579 daAuts
  Lair:5: 1383 daAuts
  Lair:3: 1276 daAuts
    D:10: 1207 daAuts
     D:1: 1201 daAuts
     D:3: 1105 daAuts
   IceCv: 1063 daAuts
    D:12: 1062 daAuts
     D:5: 1002 daAuts
    D:11: 987 daAuts
     D:7: 970 daAuts
  Lair:1: 883 daAuts
    D:13: 819 daAuts
     D:9: 802 daAuts
